 Dungeon Crawl Stone Soup version 0.29-a0-91-gdebf4667c2 (webtiles) character file.

Game seed: 12922857463843841478

42449 siradein the Grappler (level 13, -2/131 HPs)
             Began as a Troll Fighter on Feb 7, 2022.
             Was a High Priest of Qazlal.
             Slain by a five-headed hydra (3 damage)
             ... while petrified by a basilisk
             ... on level 6 of the Lair of Beasts.
             The game lasted 00:49:35 (13969 turns).

siradein the Grappler (Troll Fighter)              Turns: 13969, Time: 00:49:35

Health: -2/131     AC: 14    Str: 27    XL:     13   Next: 85%
Magic:  27/27      EV:  1    Int:  9    God:    Qazlal [*****.]
Gold:   1029       SH:  0    Dex: 19    Spells: 12/12 levels left

rFire   . . .      SeeInvis .     - Unarmed
rCold   . . .      Faith    .   b - +0 kite shield
rNeg    + + +      Spirit   .   U - +0 troll leather armour
rPois   ∞          Reflect  +   j - +3 hat of Pondering {ponderous, Will+ MP+10 Int+5}
rElec   .          Harm     .   t - +1 cloak
rCorr   +          Rampage  .   (gloves unavailable)
Will    +....                   (boots unavailable)
Stlth   +.........              F - amulet of reflection
HPRegen 1.91/turn               O - +6 ring of dexterity
MPRegen 0.20/turn               l - ring of resist corrosion

@: petrified, protected from physical damage, repel missiles, slow
A: large, unfitting armour, claws 3, regeneration 1, shaggy fur 1, tough skin 1
a: Renounce Religion, Upheaval, Elemental Force, Disaster Area


You were on level 6 of the Lair of Beasts.
You worshipped Qazlal.
Qazlal was extremely pleased with you.
You visited 3 branches of the dungeon, and saw 18 of its levels.
You also visited: Sewer, Ossuary and Bailey.

You collected 1029 gold pieces.

Inventory:

Missiles
 h - 51 poisoned darts (quivered)
 n - 15 javelins
 r - 9 boomerangs
 H - 5 large rocks
 S - 11 curare-tipped darts
Armour
 b - a +0 kite shield (worn)
 j - the +3 hat of Pondering (worn) {ponderous, Will+ MP+10 Int+5}
   (You took it off Gastronok on level 3 of the Lair of Beasts)

   Int:       It affects your intelligence (+5).
   MP:        It affects your magic capacity (+10).
   Will:      It increases your willpower.
 t - a +1 cloak (worn)
 U - a +0 troll leather armour (worn)
Jewellery
 l - a ring of resist corrosion (right claw)
 p - an amulet of regeneration
 D - a +6 ring of intelligence
 F - an amulet of reflection (around neck)
 O - a +6 ring of dexterity (left claw)
 Q - a +6 ring of intelligence
Wands
 J - a wand of digging (5)
 M - a wand of iceblast (18)
 N - a wand of acid (7)
 P - a wand of flame (17)
 V - a wand of polymorph (19)
Scrolls
 d - 4 scrolls of blinking
 g - 2 scrolls of fear
 m - 4 scrolls of enchant armour
 s - 3 scrolls of silence {unknown}
 w - 3 scrolls of enchant weapon
 x - 4 scrolls of magic mapping
 y - 4 scrolls of noise {unknown}
 C - 6 scrolls of teleportation {unknown}
 E - 2 scrolls of amnesia
 G - 3 scrolls of immolation {unknown}
 K - a scroll of acquirement
 R - 2 scrolls of fog {unknown}
 T - a scroll of brand weapon {unknown}
Potions
 a - a potion of heal wounds
 c - 2 potions of might
 e - 4 potions of haste
 f - 2 potions of lignification
 i - 5 potions of brilliance {unknown}
 k - 6 potions of curing
 o - 2 potions of resistance {unknown}
 q - 6 potions of magic
 u - a potion of invisibility {unknown}
 v - 4 potions of mutation {unknown}
 z - 2 potions of attraction {unknown}
 A - 4 potions of degeneration {unknown}
 B - 2 potions of ambrosia {unknown}
 I - 2 potions of cancellation {unknown}
 Y - a potion of flight {unknown}
 Z - a potion of berserk rage {unknown}
Miscellaneous
 L - a box of beasts
 W - a phantom mirror
 X - a lightning rod (4/4)


   Skills:
 + Level 9.3 Fighting
 + Level 9.3 Throwing
 + Level 2.2 Armour
 + Level 9.2 Dodging
 + Level 9.2 Shields
 + Level 10.7 Unarmed Combat
 + Level 6.8 Invocations


You had 12 spell levels left.
You didn't know any spells.
Your spell library contained the following spells:

 Spells                   Type           Power      Damage    Failure   Level
 Magic Dart               Conj           0%         1d3       65%         1
 Searing Ray              Conj           0%         2d4       78%         2
 Portal Projectile        Hex/Tloc       0%         N/A       95%         3
 Stone Arrow              Conj/Erth      0%         3d7       95%         3
 Animate Armour           Summ/Erth      0%         N/A       100%        4
 Fulminant Prism          Conj/Hex       0%         3d6       100%        4
 Summon Ice Beast         Ice/Summ       0%         N/A       100%        4
 Blade Hands              Tmut           0%         N/A       100%        5
 Excruciating Wounds      Necr           0%         N/A       100%        5
 Lee's Rapid Deconstruct  Erth           0%         3d5*      100%        5
 Summon Mana Viper        Hex/Summ       0%         N/A       100%        5
 Monstrous Menagerie      Summ           0%         N/A       100%        7
 Lehudib's Crystal Spear  Conj/Erth      0%         10d2      100%        8


Dungeon Overview and Level Annotations

Branches:
Dungeon (11/15)            Temple (1/1) D:5            Lair (5/6) D:10
 Shoals (0/4) Lair:2        Snake (0/4) Lair:2          Orc (0/2) D:9
  Sewer (visited)         Ossuary (visited)          Bailey (visited)
  Slime: Lair:5-6

Altars:
Ashenzari
Cheibriados
Dithmenos
Elyvilon
Fedhas
Gozag
Kikubaaqudgha
Makhleb
Nemelex Xobeh
Okawaru
Qazlal
Ru
Sif Muna
Trog
Uskayaw
Vehumet
Wu Jian
Xom
Yredelemnul
Zin
The Shining One

Shops:
D:1 *[

Annotations:
D:3 1 runed translucent door, Crazy Yiuf
Lair:1 exclusion: 2 oklob plants


Innate Abilities, Weirdness & Mutations

You are too large for most types of armour.
You have claws for hands.
Your natural rate of healing is unusually fast.
You are covered in fur. (AC +1)
You have tough skin. (AC +1)


Message History

The five-headed hydra bites you!
* * * LOW HITPOINT WARNING * * *
A nearby fungus withers and dies.
The basilisk bites you.
* * * LOW HITPOINT WARNING * * *
The cane toad stings you.
* * * LOW HITPOINT WARNING * * *
The five-headed hydra is engulfed in freezing vapours.
The five-headed hydra bites you but does no damage.
The five-headed hydra bites you.
* * * LOW HITPOINT WARNING * * *
The five-headed hydra completely misses you.
The five-headed hydra bites you!
* * * LOW HITPOINT WARNING * * *
The five-headed hydra bites you but does no damage.
The cane toad stings you. The basilisk gazes at you.
You resist with almost no effort.
The five-headed hydra is engulfed in freezing vapours.
The five-headed hydra bites you but does no damage. x2
The five-headed hydra bites you!
* * * LOW HITPOINT WARNING * * *
You feel more protected from physical attacks.
The five-headed hydra bites you.
You feel more protected from physical attacks.
The five-headed hydra bites you.
* * * LOW HITPOINT WARNING * * *
You feel more protected from physical attacks.
The cane toad stings you but does no damage.
The basilisk bites you!
* * * LOW HITPOINT WARNING * * *
You feel more protected from physical attacks.
The five-headed hydra is engulfed in freezing vapours.
The five-headed hydra seems to slow down.
The five-headed hydra bites you but does no damage.
The five-headed hydra bites you.
* * * LOW HITPOINT WARNING * * *
The five-headed hydra bites you.
* * * LOW HITPOINT WARNING * * *
The five-headed hydra bites you!
You die...

.P..............#
................#
...........#P...#
..........###..##
.....).....#P..##
......D...#.!..##
............§..#
............Dl##
......☼.@..#
.....##F☼..#
...## #○..☼# ...
#....# .. ##...#
..... ....##
....#


You could see a five-headed hydra (slow), a cane toad and a basilisk.

Vanquished Creatures
  Gastronok (Lair:3)
  Kirke (Lair:4)
  3 hydras
  A boulder beetle (Lair:3)
  An ogre mage (D:11)
  4 two-headed ogres
  Nergalle (D:10)
  Urug (Lair:3)
  Sonja (Lair:3)
  Pikel (D:5)
  An orc knight (Bailey)
  An ugly thing (D:11)
  A cyclops (D:11)
  Joseph (D:7)
  4 elephants (Lair:4)
  2 black mambas
  A rime drake (Lair:3)
  8 cane toads
  4 kobold demonologists
  10 komodo dragons
  An unseen horror (D:10)
  3 trolls (D:11)
  A polar bear (Lair:2)
  Prince Ribbit (Lair:3)
  13 blink frogs
  43 yaks
  A vampire (D:11)
  2 wyverns
  2 basilisks (Lair:4)
  A hog (Lair:4)
  3 steam dragons
  2 nagas (Lair:2)
  Edmund (D:5)
  An acid dragon (D:11)
  A hornet zombie (Ossuary)
  12 water moccasins
  13 orc warriors
  3 necrophages
  2 black bears
  4 sky beasts
  An ice beast (D:7)
  3 ogres
  18 wolves
  7 centaurs
  11 kobold brigands
  11 bullfrogs
  3 wyvern zombies (Ossuary)
  A scorpion (D:3)
  2 water moccasin zombies (Ossuary)
  8 wights
  16 killer bees
  4 howler monkeys
  11 centaur zombies
  A crimson imp (D:7)
  4 bullfrog zombies
  A hound (D:5)
  A centaur skeleton (D:4)
  3 bullfrog skeletons
  6 orc priests
  A gnoll shaman (D:6)
  4 iguanas
  Ijyb (D:3)
  10 orc wizards
  5 killer bee zombies (Ossuary)
  16 mummies (Ossuary)
  6 howler monkey zombies
  5 gnolls (D:6)
  13 adders
  A river rat (Sewer)
  A white imp (D:7)
  3 ufetubi
  An adder skeleton (D:4)
  A worm (D:2)
  2 dart slugs
  58 orcs
  11 ball pythons
  4 bats
  6 endoplasms
  2 giant cockroaches (D:2)
  7 goblins
  8 hobgoblins
  2 quokkas
  6 frilled lizards
  28 kobolds
  12 rats
484 creatures vanquished.

Vanquished Creatures (others)
  A kobold (D:9)
  16 fungi
  42 plants
  A withered plant (Ossuary)
60 creatures vanquished.

Grand Total: 544 creatures vanquished

Notes
Turn   | Place    | Note
-------+----------+-------------------------------------------
     0 | D:1      | siradein the Troll Fighter began the quest for the Orb.
     0 | D:1      | Reached XP level 1. HP: 22/22 MP: 0/0
    50 | D:1      | Found Neisiamu's Assorted Antiques.
    69 | D:1      | Found Irikadak's Armour Shoppe.
   101 | D:1      | Found a faded altar of an unknown god.
   201 | D:1      | Reached XP level 2. HP: 29/29 MP: 1/1
   690 | D:2      | Reached XP level 3. HP: 36/36 MP: 2/2
   842 | D:2      | Reached XP level 4. HP: 44/44 MP: 3/3
  1082 | D:3      | Noticed Ijyb
  1276 | D:3      | Killed Ijyb
  1277 | D:3      | Reached skill level 3 in Unarmed Combat
  1389 | D:3      | Reached XP level 5. HP: 53/53 MP: 4/4
  1404 | D:3      | Found a runed translucent door.
  1405 | D:3      | Noticed Crazy Yiuf
  1848 | D:4      | Reached skill level 1 in Throwing
  1890 | D:4      | Noticed a necrophage
  1911 | D:4      | Killed a necrophage
  1912 | D:4      | Reached XP level 6. HP: 42/61 MP: 5/5
  2207 | D:4      | Identified the +2 robe of Fortitude {+Inv}
  2257 | D:4      | Found a hide-covered altar of Uskayaw.
  2308 | D:4      | Found a sparkling altar of Nemelex Xobeh.
  2521 | D:4      | Found an iron altar of Okawaru.
  2523 | D:4      | Found a radiant altar of Vehumet.
  2587 | D:5      | Entered Level 5 of the Dungeon
  2620 | D:5      | Reached skill level 4 in Unarmed Combat
  2620 | D:5      | Reached XP level 7. HP: 67/68 MP: 6/6
  2689 | D:5      | Noticed Edmund
  2707 | D:5      | Killed Edmund
  2725 | D:5      | Noticed Pikel
  2764 | D:5      | Killed Pikel
  2765 | D:5      | Reached XP level 8. HP: 52/79 MP: 7/7
  2895 | D:5      | Reached skill level 5 in Unarmed Combat
  2948 | D:5      | Found a glowing drain.
  2960 | Sewer    | Entered a sewer
  3242 | D:5      | Found a sand-covered staircase.
  3251 | Ossuary  | Entered an ossuary
  3316 | Ossuary  | Reached skill level 5 in Fighting
  3352 | Ossuary  | Reached skill level 5 in Dodging
  3392 | Ossuary  | Reached skill level 5 in Shields
  3401 | Ossuary  | Reached XP level 9. HP: 79/88 MP: 8/8
  3560 | Ossuary  | Reached skill level 6 in Unarmed Combat
  3876 | D:5      | Found a staircase to the Ecumenical Temple.
  3933 | D:5      | Got the Tome of the Spatial Rocks
  3961 | Temple   | Entered the Ecumenical Temple
  3999 | Temple   | Became a worshipper of Qazlal Stormbringer
  4529 | D:6      | Reached skill level 5 in Throwing
  4907 | D:6      | Reached * piety under Qazlal
  4931 | D:7      | Reached XP level 10. HP: 98/98 MP: 9/9
  5063 | D:7      | Found a sacrificial altar of Ru.
  5077 | D:7      | Found a glowing silver altar of Zin.
  5127 | D:7      | Found a flagged portal.
  5130 | D:7      | Identified the +4 falchion of Gozag's Regard {antimagic,
                  | Drain Str+8 SInv}
  5138 | Bailey   | Entered a bailey
  5263 | Bailey   | Reached skill level 7 in Unarmed Combat
  5549 | Bailey   | Noticed an orc knight
  5666 | Bailey   | Killed an orc knight
  5999 | D:7      | Noticed Joseph
  6040 | D:7      | Killed Joseph
  6383 | D:7      | Found a blossoming altar of Fedhas.
  6385 | D:7      | Found an ancient bone altar of Kikubaaqudgha.
  6467 | D:7      | Found a burning altar of Makhleb.
  6654 | D:8      | Reached ** piety under Qazlal
  6760 | D:8      | Found a basalt altar of Yredelemnul.
  7156 | D:8      | Reached skill level 1 in Invocations
  7258 | D:8      | Found a shimmering blue altar of Sif Muna.
  7468 | D:9      | Found a glowing golden altar of the Shining One.
  7545 | D:9      | Reached *** piety under Qazlal
  7718 | D:9      | Reached XP level 11. HP: 107/107 MP: 10/10
  7802 | D:9      | Found a staircase to the Orcish Mines.
  7932 | D:9      | Reached skill level 8 in Unarmed Combat
  8503 | D:10     | Entered Level 10 of the Dungeon
  8592 | D:10     | Noticed Nergalle
  8598 | D:10     | Killed Nergalle
  8702 | D:10     | Found a staircase to the Lair.
  8753 | D:10     | Noticed a soul eater
  8761 | D:10     | Reached **** piety under Qazlal
  8839 | D:10     | Noticed a sun demon
  9478 | D:11     | Noticed a green ugly thing
  9531 | D:11     | Noticed a two-headed ogre
  9599 | D:10     | Killed a two-headed ogre
  9791 | D:11     | Killed a green ugly thing
  9823 | D:11     | Reached skill level 9 in Unarmed Combat
  9905 | D:11     | Noticed an ogre mage
  9905 | D:11     | Noticed a two-headed ogre
  9914 | D:11     | Paralysed by something for 6 turns
  9925 | D:11     | Noticed a two-headed ogre
  9930 | D:11     | Killed an ogre mage
  9930 | D:11     | Noticed a two-headed ogre
  9931 | D:11     | Reached XP level 12. HP: 114/119 MP: 12/14
  9941 | D:11     | Killed a two-headed ogre
  9995 | D:11     | Killed a two-headed ogre
 10035 | D:11     | Killed a two-headed ogre
 10478 | Lair:1   | Entered Level 1 of the Lair of Beasts
 10561 | Lair:1   | Identified the +1 fustibalus "Qoshuceyha" {vorpal, Drain
                  | Dex+8}
 10798 | Lair:1   | Reached ***** piety under Qazlal
 10809 | Lair:1   | Reached skill level 5 in Invocations
 10896 | Lair:1   | Noticed a six-headed hydra
 10913 | Lair:1   | Killed a six-headed hydra
 11573 | Lair:2   | Reached skill level 10 in Unarmed Combat
 11694 | Lair:2   | Found a staircase to the Snake Pit.
 11854 | Lair:2   | Reached XP level 13. HP: 128/128 MP: 16/16
 11872 | Lair:2   | Found a staircase to the Shoals.
 12230 | Lair:3   | Noticed Prince Ribbit
 12235 | Lair:3   | Killed Prince Ribbit
 12434 | Lair:3   | Noticed Sonja
 12443 | Lair:3   | Killed Sonja
 12539 | Lair:3   | Noticed Gastronok
 12561 | Lair:3   | Killed Gastronok
 12692 | Lair:3   | Found the +2 ratskin cloak {*Rats rPois rN+ Str-1 Int-1
                  | Dex+1}
 12781 | Lair:3   | Noticed Urug
 12795 | Lair:3   | Killed Urug
 13251 | Lair:4   | Reached skill level 1 in Armour
 13511 | Lair:4   | Noticed Kirke
 13527 | Lair:4   | Killed Kirke
 13938 | Lair:5   | You fall into a shaft and drop 1 floor!
 13938 | Lair:6   | Entered Level 6 of the Lair of Beasts
 13969 | Lair:6   | HP: 5/131 [basilisk (3)]
 13969 | Lair:6   | HP: 1/131 [five-headed hydra (3)]
 13969 | Lair:6   | Slain by a five-headed hydra

Illustrated notes

Levels and vault maps discovered:
D:1:      dpeg_arrival_stonehenge_8_columns, layout_rooms,
          ebering_ecumenical_altar_hall, serial_shops,
          nicolae_shop_behind_doors, nicolae_shop_statue_plus,
          chequers_decorated_corner, serial_bayou_pond_c,
          minmay_misc_feat_more_columns, hangedman_decor_points
D:2:      layout_basic, minmay_fractal_squares_5
D:3:      layout_rooms, minmay_cupped, uniq_ijyb, uniq_crazy_yiuf_cottage
D:4:      layout_cave_pools, nemelex_spade_bored_becter,
          nicolae_overflow_hidden_temple, mainiacjoe_overflow_six_doors_small
D:5:      layout_cave_pools, minmay_temple_entry_mist, portal_sewer_entry_a,
          nicolae_ossuary_entry_ruins, chequers_serial_rivers_large_b,
          grunt_ministairs_2, chequers_avenue, guppyfry_early_orc_mine,
          uniq_pikel, uniq_edmund
D:6:      layout_rooms
D:7:      layout_basic, grunt_temple_overflow_growth_and_decay,
          nicolae_ru_awakened_eye, general_overflow_altar,
          makhleb_grotto_becter, enter_bailey_2, minmay_misc_feat_roman,
          st_stairs_11, uniq_joseph
D:8:      layout_loops_ring, lemuel_crystal_altar,
          nicolae_sif_muna_little_library, special_room [special_room_orc],
          kennysheep_generic_room_9
D:9:      layout_cave_pods, tso_metal_star, orc_0_dummy
D:10:     layout_irregular_city, lair_entry_dummy, serial_column_ruins,
          column_ruins_open_tiny, column_ruins_grid_3,
          column_ruins_columns_corner, column_ruins_open_tiny,
          column_ruins_corridor_corner, column_ruins_grid_1, uniq_nergalle
D:11:     layout_rooms
Temple:   jpeg_temple_island
Lair:1:   dpeg_oklob_gauntlet, layout_long_grid, serial_bayou_lagoon_a
Lair:2:   layout_regular_city, minmay_shoals_entry_centaurs,
          guppyfry_snake_entry_island
Lair:3:   layout_misc_corridors, serial_bayou_shore_a, uniq_urug,
          uniq_prince_ribbit2, uniq_gastronok, uniq_sonja
Lair:4:   layout_gridlike, st_stairs_3, chequers_serial_rivers_small_b,
          beast_lair_carwin_3, uniq_kirke
Lair:5:   layout_layer_cave, slime_altar_2, gauntlet_entry_generic, special_room
          [special_room_mythical_zoo], minivault_26
Lair:6:   cheibrodos_lair_end_hotspot, layout_gridlike

Skill      XL: |  1  2  3  4  5  6  7  8  9 10 11 12 13 |
---------------+----------------------------------------+-----
Fighting       | 3 4 5 6 7 8 9 |  9.3
Dodging        | 3 4 5 6 7 8 9 |  9.2
Shields        | 3 4 5 6 7 8 9 |  9.2
Unarmed Combat | 3 4 5 6 7 9 10 | 10.7
Throwing       | 1 2 3 4 5 6 7 8 9 |  9.3
Invocations    | 1 4 5 6 |  6.8
Armour         | 2 |  2.2

Action                   |  1- 3 |  4- 6 |  7- 9 | 10-12 | 13-15 || total
-------------------------+-------+-------+-------+-------+-------++-------
Melee: Unarmed           |    88 |   152 |   446 |   784 |   217 ||  1687
Throw: Dart              |       |     6 |     1 |     7 |     2 ||    16
       Boomerang         |       |       |       |    13 |     4 ||    17
Invok: Upheaval          |       |       |       |     3 |     2 ||     5
  Use: Scroll            |       |       |     6 |     6 |       ||    12
       Potion            |       |       |       |     1 |       ||     1
 Stab: Sleeping          |     1 |       |     1 |       |       ||     2
Armor: Robe              |    24 |    32 |   113 |    53 |       ||   222
       Steam dragon scal |       |       |       |    47 |       ||    47
       Troll leather arm |       |       |       |    23 |    62 ||    85
Dodge: Dodged            |    25 |    54 |   166 |   243 |    62 ||   550
       Repelled          |       |       |       |     1 |       ||     1
Block: Kite shield       |    15 |    54 |   224 |   791 |   277 ||  1361
       Reflection        |       |       |     1 |    71 |     2 ||    74

Table legend: (Time is in decaauts)
 A = Elapsed time spent in this place.
 B = Non-inter-level travel time spent in this place.
 C = Inter-level travel time spent in this place.
 D = Time resting spent in this place.
 E = Time spent auto-exploring this place.
 F = Levels seen in this place.
 G = Mean time per level.
                   A        B        C        D        E       F      G
               +--------+--------+--------+--------+--------+-----+--------+
         Total |  14293 |  13881 |    412 |    437 |   8714 |  21 |  680.6 |
       Dungeon |   8935 |   8630 |    305 |    351 |   5294 |  11 |  812.3 |
        Temple |     66 |     66 |      0 |      0 |     29 |   1 |   66.0 |
          Lair |   3599 |   3492 |    107 |     77 |   2519 |   6 |  599.8 |
         Sewer |    323 |    323 |      0 |      0 |    259 |   1 |  323.0 |
       Ossuary |    428 |    428 |      0 |      0 |    171 |   1 |  428.0 |
        Bailey |    940 |    940 |      0 |      9 |    441 |   1 |  940.0 |
               +--------+--------+--------+--------+--------+-----+--------+

Top non-repeatable levels by time:
    D:10: 1197 daAuts
     D:9: 1078 daAuts
     D:5: 986 daAuts
  Bailey: 940 daAuts
  Lair:3: 930 daAuts
  Lair:2: 923 daAuts
  Lair:1: 911 daAuts
     D:7: 859 daAuts
     D:8: 812 daAuts
  Lair:4: 794 daAuts
     D:4: 769 daAuts
    D:11: 766 daAuts
     D:2: 707 daAuts
     D:6: 634 daAuts
     D:3: 605 daAuts
